Map: Frost LE

Players

KombatWombat - Winner!

  • Race: Zerg Zerg
  • League: Diamond

ShanB

  • Race: Zerg Zerg
  • League: Gold

VOD

Have the link to the VOD?

Description

Time

  • Played on: Sept. 15, 2016, 8:09 p.m.
  • Length: 19:10
Show
View Real Time Build Order
Export as new Build Order

KombatWombat Zerg - Winner!

Build Orders: Hatch First, Lurkers, Zergling Baneling 

Get SALT Encoding   

  12  0:03  Drone  
  13  0:16  Drone  
  13  0:18  Overlord  
  14  0:22  Extractor  
  14  0:24  Drone  
  15  0:38  Drone  
  16  0:46  Drone  
  17  1:06  Drone  
  17  1:11  Hatchery  
  17  1:12  Drone x2  
  17  1:15  Extractor  
  18  1:23  Spawning Pool, Drone  
  18  1:32  Drone  
  19  1:45  Overlord  
  20  1:54  Drone  
  20  2:04  Drone  
  21  2:10  Queen  
  23  2:22  Metabolic Boost  
  23  2:23  Queen  
  23  2:26  Drone x2  
  27  2:39  Baneling Nest  
  27  2:42  Drone x2  
  28  2:45  Drone x2  
  28  2:46  Queen  
  32  2:53  Drone  
  32  2:55  Drone  
  34  3:00  Queen  
  36  3:08  Overlord  
  36  3:12  Overlord  
  36  3:30  Drone x5  
  41  3:36  Overlord  
  41  3:38  Drone  
  41  3:39  Drone  
  43  3:42  Zergling x2  
  43  3:46  Zergling x2  
  45  3:53  Zergling x2  
  46  3:59  Zergling x2  
  46  4:02  Hatchery  
  44  4:03  Baneling  
  44  4:04  Baneling  
  41  4:10  Zergling x10  
  41  4:11  Zergling x2  
  41  4:14  Baneling x2, Zergling x2  
  41  4:15  Zergling x2  
  41  4:16  Queen x2  
  52  4:25  Zergling x2  
  52  4:27  Zergling x2  
  53  4:34  Baneling x2  
  52  4:43  Zergling x4  
  49  4:50  Zergling x2  
  49  4:51  Baneling x3, Zergling x2  
  49  4:52  Drone  
  51  4:53  Drone  
  51  4:57  Roach Warren  
  51  4:58  Zergling x2  
  50  5:05  Zergling x2  
  48  5:08  Zergling x2  
  48  5:13  Zergling x2  
  49  5:16  Baneling  
  49  5:17  Baneling  
  49  5:20  Zergling x6  
  49  5:21  Zergling x2  
  53  5:30  Extractor  
  53  5:31  Zergling x4, Extractor  
  53  5:37  Roach x2  
  53  5:38  Roach  
  53  5:40  Drone x2  
  61  5:43  Queen  
  61  5:48  Extractor  
  62  5:53  Evolution Chamber x2  
  62  5:55  Drone  
  62  5:56  Drone x4  
  65  5:59  Overlord x2  
  65  6:00  Overlord x2  
  65  6:19  Roach x5  
  65  6:20  Roach  
  65  6:21  Drone x2  
  65  6:24  Lair  
  79  6:26  Zerg Missile Weapons Level 1  
  79  6:29  Drone x4  
  83  6:35  Drone  
  83  6:36  Overlord x2  
  84  6:44  Zergling x2  
  84  6:45  Zergling x2  
  82  6:50  Drone x2  
  82  6:53  Drone  
  82  6:54  Drone x5  
  88  6:56  Drone  
  88  7:01  Drone  
  91  7:13  Spore Crawler  
  88  7:20  Spore Crawler  
  88  7:21  Spore Crawler  
  86  7:24  Spore Crawler  
  86  7:25  Spore Crawler x2  
  86  7:26  Spore Crawler  
  86  7:27  Spore Crawler  
  81  7:30  Spore Crawler x2  
  81  7:32  Zerg Ground Armor Level 1  
  81  7:34  Hydralisk Den  
  81  7:35  Drone x5  
  83  7:38  Spore Crawler  
  80  7:51  Drone  
  80  7:52  Drone x8  
  80  7:55  Spore Crawler  
  88  8:05  Overseer x2  
  88  8:08  Pneumatized Carapace  
  88  8:18  Hydralisk x5  
  88  8:19  Hydralisk  
  100  8:22  Lurker Den  
  100  8:33  Extractor  
  99  8:36  Burrow  
  96  8:49  Hydralisk  
  96  8:50  Hydralisk x2  
  101  9:04  Hydralisk  
  103  9:11  Zergling x4  
  103  9:13  Overlord x6  
  105  9:20  Baneling x2  
  105  9:21  Baneling x5  
  105  9:33  Drone  
  105  9:34  Drone x15  
  121  9:41  Extractor  
  120  9:50  Lurker  
  120  9:51  Lurker x2  
  121  9:56  Hydralisk  
  121  9:57  Hatchery  
  122  10:00  Overlord x3  
  122  10:01  Overlord  
  122  10:19  Extractor  
  120  10:23  Extractor  
  120  10:25  Hydralisk x2  
  120  10:26  Hydralisk x4  
  130  10:30  Ravager  
  113  10:56  Hydralisk, Lurker x2  
  106  10:58  Zergling x2  
  106  10:59  Zergling x32  
  113  11:10  Hydralisk  
  113  11:11  Hydralisk x3  
  115  11:16  Spine Crawler  
  115  11:17  Spine Crawler x2  
  118  11:19  Spine Crawler, Zergling x2  
  118  11:28  Hydralisk x3  
  118  11:29  Hydralisk  
  118  11:51  Hydralisk x3  
  118  11:52  Hydralisk  
  125  12:00  Zergling x2  
  125  12:01  Zergling x20  
  134  12:16  Hydralisk x6  
  146  12:24  Drone x5  
  146  12:29  Lurker x2  
  144  12:59  Zerg Missile Weapons Level 2, Zerg Ground Armor Level 2  
  135  13:08  Zergling x20  
  135  13:10  Zergling x16  
  135  13:11  Zergling x2  
  154  13:19  Lurker x2  
  156  13:20  Lurker x2  
  156  13:21  Hatchery  
  156  13:33  Extractor  
  156  13:34  Extractor  
  141  14:21  Overseer  
  130  14:42  Hydralisk x4  
  130  14:43  Hydralisk x9  
  156  14:50  Overlord x4  
  156  14:52  Spire  
  155  15:09  Drone x9  
  155  15:10  Drone x8  
  172  15:29  Drone x3  
  175  15:41  Lurker x6  
  175  15:42  Lurker  
  182  16:19  Hatchery  
  182  16:21  Muscular Augments  
  182  16:22  Extractor x2  
Show
View Real Time Build Order
Export as new Build Order

ShanB Zerg 

Build Orders: Hatch First, Muta Ling Bane 

Get SALT Encoding   

  12  0:01  Drone  
  13  0:13  Overlord  
  13  0:25  Drone  
  14  0:34  Drone x2  
  16  0:41  Drone  
  17  0:57  Hatchery  
  17  1:03  Drone  
  17  1:16  Spawning Pool  
  16  1:19  Drone, Extractor  
  16  1:23  Drone  
  17  1:31  Drone  
  18  1:35  Overlord  
  18  1:53  Drone  
  19  2:03  Queen  
  19  2:06  Zergling x2  
  22  2:09  Queen  
  22  2:11  Drone  
  25  2:21  Drone x2  
  28  2:22  Zergling x2  
  28  2:26  Metabolic Boost  
  28  2:41  Drone  
  29  2:45  Baneling Nest  
  28  2:54  Spine Crawler  
  27  3:01  Zergling x6  
  27  3:04  Drone  
  27  3:05  Drone  
  32  3:11  Extractor  
  31  3:19  Drone x2  
  34  3:20  Drone x3  
  36  3:28  Overlord x2  
  36  3:45  Extractor  
  36  3:46  Extractor  
  34  3:49  Zergling x8  
  34  3:50  Zergling x6  
  41  4:08  Baneling  
  40  4:14  Baneling  
  40  4:15  Zergling x14  
  35  5:00  Roach Warren, Lair  
  35  5:03  Drone x4  
  35  5:04  Zergling x4  
  36  5:12  Drone  
  35  5:28  Baneling x2  
  35  5:29  Baneling x2  
  34  5:38  Overlord x2  
  34  5:41  Zergling x10  
  40  5:50  Drone x2  
  42  6:05  Spire  
  41  6:13  Hatchery, Zergling x10  
  41  6:16  Overlord  
  45  6:21  Overlord  
  43  7:18  Mutalisk x10  
  63  7:37  Drone x10  
  73  7:49  Overseer  
  73  7:54  Drone, Pneumatized Carapace  
  73  7:55  Drone x2  
  73  7:57  Drone  
  73  7:58  Drone  
  78  8:00  Queen  
  80  8:07  Drone x4  
  80  8:11  Overlord  
  84  8:18  Mutalisk x2  
  88  8:26  Drone x2  
  90  8:28  Overlord x2  
  90  8:44  Corruptor x3  
  96  9:02  Zergling x26  
  109  9:10  Extractor  
  109  9:12  Extractor  
  109  9:14  Infestation Pit  
  106  9:19  Centrifical Hooks  
  106  9:26  Overseer  
  106  9:34  Mutalisk x4  
  114  9:58  Overlord x6  
  114  9:59  Overlord  
  114  10:19  Hatchery  
  90  10:30  Zergling x30  
  95  11:00  Zergling x10  
  96  11:06  Mutalisk x6  
  108  11:12  Drone x4  
  112  11:18  Extractor  
  111  11:30  Queen  
  111  11:32  Overlord x4  
  106  11:55  Baneling  
  106  11:56  Baneling x7  
  106  12:06  Queen  
  108  12:19  Pathogen Glands  
  108  12:24  Zergling x14  
  108  12:25  Zergling x16  
  123  12:31  Hive  
  121  12:42  Burrow  
  115  12:47  Baneling x5  
  115  12:48  Baneling  
  110  12:57  Extractor  
  108  12:59  Extractor  
  105  13:09  Corruptor x5  
  115  13:14  Infestor x3  
  57  14:42  Hatchery  
  52  15:10  Adrenal Glands  
  52  15:13  Corruptor x10  
  65  15:35  Greater Spire  
  35  16:49  Brood Lord x3  
Tags
 
Add a new tag
Caveats
  • Supply blocks, unpowered buildings, or Contaminate may cause inaccurate times.
  • Supply counts are checked every 10 seconds.